 Dungeon Sprint DCSS version 0.17.0-26-gececa24 (webtiles) character file.

433 kosy22 the Nimble (level 6, -7/67 HPs)
             Began as a Troll Fighter on Nov 20, 2015.
             Mangled by a cyclops (16 damage)
             ... created by the fury of Okawaru
             ... in the Dungeon (Sprint IX: "|||||||||||||||||||||||||||||").
             The game lasted 00:05:56 (389 turns).

kosy22 the Nimble (Troll Fighter)                    Turns: 389, Time: 00:05:56

Health: -7/67      AC:  5    Str: 32    XL:     6   Next: 67%
Magic:  5/5        EV: 11    Int:  4    God:
Gold:   0          SH: 11    Dex:  9    Spells: 0 memorised, 5 levels left

rFire  . . .     SeeInvis .       - Unarmed
rCold  . . .     Rnd*Rage +     a - +0 robe
rNeg   . . .     SustAt   .     b - +0 shield
rPois  .         Gourm    +     (helmet restricted)
rElec  .         Spirit   .     (no cloak)
rCorr  .         Warding  .     (gloves unavailable)
rMut   .         NoTele   +     (boots unavailable)
MR     .....                    (no amulet)
Stlth  +.........               (no ring)
                                (no ring)

@: mighty, exhausted, very slightly contaminated, slowed, very slow, not
resistant to hostile enchantments, very unstealthy
A: unfitting armour, claws 3, berserk 1, fast metabolism 3, gourmand,
regeneration 2, shaggy fur 1, tough skin 2
a: no special abilities


You were in the Dungeon.
You were not hungry.

You visited 1 branch

Inventory:

Armour
 a - a +0 robe (worn)
 b - a +0 shield (worn)
Jewellery
 o - a +2 ring of protection
 p - a +2 ring of protection
Wands
 n - a wand of draining (7)
Scrolls
 l - 3 scrolls of remove curse
 m - 2 scrolls of amnesia
Potions
 e - 4 potions of curing
 g - a potion of haste
 h - 4 potions of magic
 k - a potion of invisibility
Comestibles
 d - a bread ration


   Skills:
 + Level 5.8 Fighting
 + Level 8.1 Dodging
 + Level 6.4 Shields
 + Level 6.0 Unarmed Combat


You had 5 spell levels left.
You didn't know any spells.

Dungeon Overview and Level Annotations

Branches:
Dungeon (1/1)

Altars:
Cheibriados
Dithmenos
Elyvilon
Fedhas
Gozag
Kikubaaqudgha
Makhleb
Nemelex Xobeh
Okawaru
Qazlal
Ru
Sif Muna
Trog
Vehumet
Xom
Yredelemnul
Zin
The Shining One
Beogh
Jiyva
Lugonu


Innate Abilities, Weirdness & Mutations

You are too large for most types of armour.
You have claws for hands.
Your metabolism is lightning-fast.
You like to eat raw meat.
You heal very quickly.
You are covered in fur (AC +1).
You have very tough skin (AC +2).
You tend to lose your temper in combat.


Message History

You block the large rock.
The large rock disappears in a puff of smoke!
The orc wizard barely misses you.
You mangle the orc wizard!!
You kill the orc wizard!
That felt strangely unrewarding.
You block the cyclops's attack.
There is a bloodstained altar of Trog, spattered with blood here.
The orc wizard mumbles some strange words.
The orc wizard blinks!
The orc wizard hits you but does no damage.
There is a deep blue altar of Sif Muna here.
You claw the orc wizard!
The orc wizard is severely wounded.
The orc wizard points at you and mumbles some strange words.
The magic dart hits you!
* * * LOW HITPOINT WARNING * * *
The cyclops hits you!
You die...
Xom howls with laughter! ▓▓▓▓▓▓▓▓▓▓▓▓▓▓▓▓▓▓▓▓▓▓▓▓▓▓▓▓▓▓▓▓▓ .).....'o______o@Co_o________'.oo ▓▓▓▓▓▓▓▓▓▓▓▓▓▓▓▓▓▓▓▓▓▓▓▓▓▓▓▓▓▓▓▓▓

You could see a cyclops, an orc warrior, an orc wizard and an orc.

Vanquished Creatures
  A troll (D)
  A centaur (D)
  2 hounds (D)
  An orc wizard (D)
  An iguana (D)
  A jelly (D)
  2 worker ants (D)
  An adder (D)
  A gnoll (D)
  4 orcs (D)
  A bat (D)
  A bat skeleton (D)
  A giant cockroach (D)
  A goblin (D)
  A kobold (D)
  A rat (D)
21 creatures vanquished.

Vanquished Creatures (others)
  2 orc warriors (D)
  2 orcs (D)
4 creatures vanquished.

Grand Total: 25 creatures vanquished

Notes
Turn   | Place    | Note
--------------------------------------------------------------
     0 | D        | kosy22 the Troll Fighter began the quest for the Orb.
     0 | D        | Reached XP level 1. HP: 22/22 MP: 0/0
    21 | D        | Reached skill level 3 in Shields
    27 | D        | Noticed a worker ant
    27 | D        | Noticed an iguana
    34 | D        | Reached XP level 2. HP: 26/31 MP: 1/1
    44 | D        | Killed a worker ant
    44 | D        | Reached XP level 3. HP: 17/39 MP: 2/2
    47 | D        | Reached skill level 4 in Dodging
    54 | D        | Killed an iguana
    54 | D        | Reached XP level 4. HP: 11/48 MP: 3/3
   141 | D        | Found a glowing silver altar of Zin.
   141 | D        | Found a glowing golden altar of the Shining One.
   141 | D        | Found an ancient bone altar of Kikubaaqudgha.
   141 | D        | Found a basalt altar of Yredelemnul.
   141 | D        | Found a shimmering altar of Xom.
   141 | D        | Found a radiant altar of Vehumet.
   142 | D        | Found an iron altar of Okawaru.
   143 | D        | Found a burning altar of Makhleb.
   144 | D        | Found a deep blue altar of Sif Muna.
   145 | D        | Found a bloodstained altar of Trog.
   146 | D        | Became a worshipper of Kikubaaqudgha
   147 | D        | Fell from the grace of Kikubaaqudgha
   148 | D        | Found a sparkling altar of Nemelex Xobeh.
   149 | D        | Became a worshipper of Yredelemnul the Dark
   150 | D        | Fell from the grace of Yredelemnul
   151 | D        | Found a white marble altar of Elyvilon.
   152 | D        | Became a worshipper of Xom of Chaos
   153 | D        | Fell from the grace of Xom
   154 | D        | Found a roughly hewn altar of Beogh.
   155 | D        | Became a worshipper of Vehumet
   156 | D        | Fell from the grace of Vehumet
   157 | D        | Found a viscous altar of Jiyva.
   158 | D        | Became a worshipper of Warmaster Okawaru
   159 | D        | Fell from the grace of Okawaru
   160 | D        | Found a corrupted altar of Lugonu.
   161 | D        | Became a worshipper of Makhleb the Destroyer
   162 | D        | Fell from the grace of Makhleb
   163 | D        | Found a blossoming altar of Fedhas.
   164 | D        | Became a worshipper of Sif Muna the Loreminder
   165 | D        | Fell from the grace of Sif Muna
   166 | D        | Found a snail-covered altar of Cheibriados.
   167 | D        | Became a worshipper of Trog the Wrathful
   168 | D        | Fell from the grace of Trog
   169 | D        | Found a shadowy altar of Dithmenos.
   170 | D        | Became a worshipper of Nemelex Xobeh the Trickster
   171 | D        | Fell from the grace of Nemelex Xobeh
   172 | D        | Found a stormy altar of Qazlal.
   173 | D        | Found an opulent altar of Gozag.
   174 | D        | Found a sacrificial altar of Ru.
   175 | D        | Became a worshipper of Jiyva Jeakhlo the Shapeless
   176 | D        | Fell from the grace of Jiyva
   183 | D        | Became a worshipper of Lugonu the Unformed
   183 | D        | Reached * piety under Lugonu
   184 | D        | Fell from the grace of Lugonu
   186 | D        | Became a worshipper of Fedhas Madash
   187 | D        | Fell from the grace of Fedhas
   189 | D        | Became a worshipper of Cheibriados the Contemplative
   190 | D        | Fell from the grace of Cheibriados
   193 | D        | Became a worshipper of Dithmenos the Shadowed
   194 | D        | Fell from the grace of Dithmenos
   196 | D        | Became a worshipper of Qazlal Stormbringer
   197 | D        | Fell from the grace of Qazlal
   200 | D        | Became a worshipper of Ru the Awakened
   201 | D        | Fell from the grace of Ru
   276 | D        | Noticed a centaur
   276 | D        | Noticed a worker ant
   276 | D        | Noticed a troll
   276 | D        | Noticed a hound
   276 | D        | Noticed a hound
   316 | D        | Killed a centaur
   316 | D        | Reached skill level 5 in Dodging
   316 | D        | Reached skill level 5 in Shields
   316 | D        | Reached XP level 5. HP: 28/55 MP: 4/4
   322 | D        | Killed a worker ant
   322 | D        | Reached skill level 5 in Fighting
   322 | D        | Reached skill level 6 in Dodging
   326 | D        | Killed a troll
   326 | D        | Reached skill level 7 in Dodging
   326 | D        | Reached skill level 5 in Unarmed Combat
   326 | D        | Reached XP level 6. HP: 38/67 MP: 5/5
   327 | D        | Killed a hound
   327 | D        | Reached skill level 8 in Dodging
   331 | D        | Killed a hound
   368 | D        | Noticed a cyclops
   376 | D        | Gained mutation: You tend to lose your temper in combat. [Jiyva's wrath]
   389 | D        | Mangled by a cyclops

Action                   |  1- 3 |  4- 6 || total
-------------------------+-------+-------++-------
Melee: Unarmed           |    43 |    43 ||    86
Invok: Renounce Religion |       |    16 ||    16
  Use: Potion            |       |     6 ||     6
       Scroll            |       |     2 ||     2
  Eat: Bread ration      |       |     1 ||     1
